Map: Efflorescence LE

Players

OpuS

  • Race: Protoss Protoss
  • League: Platinum
  • Spawn Location: 9:00

Sketchaphone

  • Race: Zerg Zerg
  • League: Platinum
  • Spawn Location: 6:00

Medz

  • Race: Terran Terran
  • Spawn Location: 12:00

Saint

  • Race: Protoss Protoss
  • League: Silver
  • Spawn Location: 3:00

VOD

Have the link to the VOD?

Description

Time

  • Played on: Feb. 10, 2019, 9:35 p.m.
  • Length: 17:41
Show
View Real Time Build Order
Export as new Build Order

OpuS Protoss 

Build Orders: Oracle Opening, Carriers, Carrier Rush 

Get SALT Encoding   

  12  0:01  Probe  
  13  0:13  Probe  
  14  0:19  Pylon  
  14  0:25  Probe  
  15  0:39  Gateway  
  15  0:44  Probe  
  16  0:52  Probe  
  16  0:56  Assimilator  
  17  1:02  Probe  
  17  1:08  Gateway  
  18  1:14  Probe  
  19  1:30  Probe  
  19  1:38  Cybernetics Core, Probe  
  20  1:42  Pylon  
  21  1:48  Probe  
  22  2:00  Probe  
  23  2:13  Probe  
  24  2:16  Warp Gate  
  24  2:20  Adept  
  24  2:21  Adept  
  24  2:22  Probe  
  28  2:27  Assimilator  
  28  2:29  Pylon  
  28  2:30  Probe  
  29  2:39  Probe  
  29  2:41  Gateway  
  30  2:54  Zealot  
  30  2:55  Zealot  
  34  2:59  Stargate  
  34  3:01  Pylon  
  34  3:33  Zealot x3  
  40  3:35  Oracle  
  40  3:41  Pylon  
  43  4:08  Nexus  
  43  4:15  Fleet Beacon  
  43  4:42  Pylon  
  43  4:45  Carrier  
  49  5:09  Probe  
  43  5:21  Probe  
  43  5:24  Zealot x3  
  43  5:44  Stalker  
  43  5:45  Stalker x2  
  48  6:03  Probe  
  48  6:04  Probe  
  50  6:17  Twilight Council  
  50  6:22  Probe x2  
  52  6:32  Stalker  
  54  6:37  Probe x2  
  56  6:51  Probe  
  56  6:52  Probe  
  58  6:56  Carrier  
  58  7:03  Probe  
  58  7:04  Probe  
  66  7:13  Pylon  
  66  7:16  Probe  
  67  7:42  Probe x2  
  69  7:46  Stargate  
  69  7:48  Charge  
  65  8:04  Carrier  
  57  8:18  Zealot  
  57  8:19  Zealot x2  
  57  8:26  Probe x2  
  65  8:31  Gateway  
  65  8:33  Gateway  
  65  8:36  Gateway  
  65  8:38  Probe x2, Assimilator  
  65  8:39  Carrier  
  67  8:42  Assimilator  
  73  9:01  Zealot x3  
  79  9:21  Zealot  
  79  9:22  Zealot x2  
  85  9:29  Pylon  
  85  9:30  Pylon  
  85  9:32  Pylon  
  85  9:39  Carrier  
  85  9:44  Probe  
  86  9:47  Probe  
  93  9:56  Probe  
  94  10:01  Probe  
  95  10:08  Probe  
  102  10:35  Carrier  
  96  10:59  Pylon  
  96  11:01  Pylon  
  96  11:04  Pylon  
  96  11:06  Stargate  
  96  11:07  Carrier  
  96  11:10  Pylon  
  96  11:12  Pylon  
  102  11:27  Cybernetics Core  
  102  11:29  Protoss Air Weapons Level 1  
  102  11:30  Forge  
  102  11:33  Stargate  
  102  11:45  Carrier  
  102  12:02  Carrier  
  96  12:12  Carrier  
  104  12:26  Carrier  
  108  12:44  Gateway  
  108  12:47  Gateway  
  99  13:27  Carrier x2  
  105  13:44  Carrier  
  111  14:07  Nexus  
  111  14:26  Carrier  
  117  14:52  Carrier  
  123  15:11  Probe x2  
  123  15:13  Pylon  
  113  15:23  Probe  
  57  16:45  Zealot  
  57  16:46  Zealot x4  
  57  16:47  Zealot x3  
  52  17:19  Zealot x5  
Show
View Real Time Build Order
Export as new Build Order

Sketchaphone Zerg 

Build Orders: Hatch First, Lurkers 

Get SALT Encoding   

  12  0:01  Drone  
  13  0:13  Overlord  
  13  0:18  Drone  
  14  0:24  Extractor  
  14  0:25  Drone  
  15  0:31  Drone  
  16  0:37  Drone  
  17  0:45  Drone  
  18  0:59  Extractor  
  17  1:04  Hatchery  
  17  1:10  Drone  
  17  1:20  Spawning Pool  
  17  1:22  Drone  
  17  1:25  Drone  
  18  1:29  Drone  
  19  1:39  Drone  
  20  1:49  Overlord  
  20  2:01  Drone  
  20  2:06  Metabolic Boost  
  20  2:08  Queen  
  21  2:13  Zergling x2  
  24  2:24  Drone x2  
  24  2:26  Queen  
  24  2:28  Drone  
  29  2:32  Drone  
  30  2:39  Drone  
  30  2:44  Drone  
  32  2:47  Queen  
  32  2:48  Overlord  
  34  2:57  Overlord  
  34  3:00  Drone  
  35  3:09  Overlord  
  35  3:10  Drone  
  36  3:15  Evolution Chamber  
  35  3:32  Overlord  
  35  3:37  Drone x2  
  35  3:38  Drone  
  35  3:39  Drone  
  35  3:40  Drone x3  
  42  3:45  Zergling x2  
  42  3:47  Zerg Melee Weapons Level 1  
  43  3:48  Zergling x2  
  43  3:53  Hatchery  
  43  3:56  Zergling x8  
  47  4:05  Overlord  
  47  4:06  Zergling x2  
  48  4:12  Spore Crawler  
  48  4:16  Drone x3  
  50  4:20  Baneling Nest  
  50  4:23  Queen  
  50  4:24  Queen  
  51  4:25  Drone x2  
  55  4:32  Drone  
  55  4:35  Overlord, Drone  
  55  4:38  Drone  
  58  4:39  Drone x2  
  60  4:49  Drone  
  60  4:50  Drone x2  
  66  5:07  Drone x4  
  66  5:08  Queen x2  
  66  5:09  Queen  
  66  5:13  Extractor  
  69  5:14  Evolution Chamber  
  66  5:30  Zergling x6  
  69  5:42  Extractor  
  68  5:44  Queen, Extractor  
  69  5:56  Zerg Ground Armor Level 1  
  68  6:00  Lair, Pneumatized Carapace  
  68  6:02  Zergling x22  
  68  6:03  Drone  
  80  6:20  Queen  
  82  6:28  Zergling x2, Spore Crawler  
  82  6:30  Overlord x3  
  82  6:47  Overlord x3  
  82  6:48  Overlord  
  82  6:50  Overlord  
  82  6:52  Zergling x10  
  87  6:59  Drone x2  
  89  7:14  Drone x3  
  92  7:21  Zergling x6  
  92  7:22  Zergling x8  
  98  7:24  Zerg Melee Weapons Level 2  
  98  7:25  Centrifical Hooks  
  98  7:27  Zergling x4  
  100  7:35  Hatchery  
  99  7:37  Zergling x12  
  105  7:44  Hatchery  
  105  7:45  Zergling x4  
  100  8:04  Zergling x14  
  87  8:15  Zergling x12  
  93  8:22  Zerg Ground Armor Level 2  
  93  8:25  Zergling x4  
  95  8:29  Drone  
  96  8:35  Infestation Pit  
  96  8:38  Drone  
  96  8:39  Drone x2  
  96  8:40  Hydralisk Den  
  97  8:46  Overlord x2  
  97  8:51  Baneling x6  
  97  8:52  Baneling x15  
  92  9:21  Hydralisk x5  
  92  9:23  Zergling x24  
  114  9:33  Lurker Den  
  113  9:39  Queen  
  113  9:41  Queen  
  113  9:42  Overlord  
  113  9:43  Zergling x14  
  124  9:48  Hive  
  124  9:50  Burrow  
  124  9:51  Zergling x6  
  124  9:52  Drone x3  
  130  9:53  Drone  
  130  9:54  Drone x2  
  133  10:38  Pathogen Glands  
  79  11:12  Drone, Extractor  
  79  11:13  Drone x4  
  79  11:14  Extractor  
  82  11:20  Zergling x2, Hydralisk x4  
  82  11:22  Zergling x34  
  108  11:34  Zergling x10  
  113  11:52  Extractor  
  111  11:56  Extractor  
  102  12:02  Zergling x34  
  102  12:07  Hatchery  
  113  12:12  Lurker  
  113  12:13  Lurker x3  
  115  12:15  Zergling x22  
  115  12:16  Zergling x2  
  125  12:24  Viper  
  128  12:30  Zerg Ground Armor Level 3  
  128  12:31  Adrenal Glands  
  128  12:32  Ultralisk Cavern, Zerg Melee Weapons Level 3  
  128  12:33  Zergling x14  
  128  12:37  Drone x2  
  136  12:44  Hydralisk x2  
  79  13:42  Ultralisk x3  
  79  13:43  Ultralisk  
  79  13:44  Chitinous Plating  
  101  13:56  Zergling x16  
  105  14:11  Ultralisk x2  
  114  14:19  Adaptive Talons  
  114  14:21  Evolution Chamber  
  100  14:34  Ultralisk  
  100  14:35  Zergling x6  
  104  14:53  Overlord x3  
  104  15:08  Overlord x2  
  102  15:32  Zergling x12  
  83  15:50  Zergling x4  
  73  15:58  Zergling x4  
  58  16:36  Ultralisk  
  58  16:38  Ultralisk  
Show
View Real Time Build Order
Export as new Build Order

Medz Terran 

Build Orders: Liberator Opening 

Get SALT Encoding   

  12  0:01  SCV  
  13  0:13  SCV  
  14  0:18  Supply Depot  
  14  0:25  SCV  
  15  0:40  SCV  
  16  0:42  Barracks  
  16  0:47  Refinery  
  16  0:52  SCV  
  17  1:04  SCV  
  18  1:16  SCV  
  19  1:29  Orbital Command  
  19  1:30  Barracks Reactor  
  18  1:47  Command Center  
  18  1:55  SCV  
  19  2:06  Marine x2  
  19  2:07  SCV  
  22  2:12  Supply Depot  
  22  2:19  SCV  
  23  2:31  Factory  
  23  2:33  Marine x2, SCV  
  26  2:44  Refinery  
  26  2:51  Marine x2, SCV  
  29  3:01  Orbital Command  
  29  3:05  SCV  
  30  3:09  Marine x2  
  32  3:14  Factory Tech Lab  
  32  3:19  SCV  
  33  3:21  Starport  
  33  3:27  Marine x2  
  33  3:31  SCV  
  33  3:32  Siege Tank  
  39  3:34  SCV  
  40  3:43  SCV  
  40  3:44  Marine x2  
  40  3:46  SCV  
  40  3:47  Supply Depot  
  44  3:51  Liberator  
  44  3:57  SCV  
  44  3:59  SCV  
  46  4:09  SCV, Supply Depot  
  50  4:10  Marine x2  
  50  4:12  SCV  
  53  4:18  Supply Depot  
  53  4:22  SCV  
  54  4:31  Siege Tank, SCV  
  58  4:40  Barracks x2, Orbital Command  
  58  4:42  Supply Depot  
  58  4:44  Barracks Tech Lab  
  52  5:04  Marine  
  53  5:15  SCV  
  53  5:17  Starport Reactor  
  53  5:18  Stimpack  
  54  5:28  Engineering Bay, SCV  
  55  5:29  Engineering Bay, Siege Tank  
  58  5:35  Marine  
  58  5:42  Barracks Reactor  
  59  5:43  Marine x2  
  59  5:46  SCV  
  62  5:53  Marine  
  60  6:00  Refinery, SCV x2  
  60  6:01  Marine x2, Siege Tank  
  60  6:02  Refinery  
  67  6:04  Medivac  
  69  6:11  Marine  
  69  6:12  SCV  
  69  6:18  Marine, Supply Depot  
  72  6:20  Marine x3  
  72  6:24  Terran Infantry Weapons Level 1  
  72  6:25  SCV x2  
  77  6:32  Marine  
  78  6:35  Terran Infantry Armor Level 1  
  78  6:40  Marine x2, SCV x2  
  78  6:42  Supply Depot  
  78  6:45  Supply Depot  
  82  6:52  SCV x2  
  84  6:56  Marine  
  84  6:57  Marine  
  86  7:04  Supply Depot, SCV  
  86  7:07  Missile Turret  
  87  7:12  SCV  
  87  7:19  Marine x2  
  87  7:20  Marine x3  
  92  7:26  SCV  
  92  7:29  SCV  
  94  7:31  Command Center  
  94  7:37  Marine x2  
  94  7:38  Marine  
  97  7:48  Medivac x2  
  97  7:49  Marine x2  
  103  7:55  Marine  
  102  8:03  Marine x2  
  86  8:07  Marine x2  
  86  8:13  Marine  
  86  8:18  Medivac x2  
  91  8:20  Marine  
  91  8:21  Marine  
  91  8:25  Armory, Marine x2  
  95  8:29  Barracks  
  95  8:30  Barracks  
  95  8:32  Barracks  
  95  8:39  Marine  
  96  8:50  Marine  
  96  8:51  Marine x3  
  100  8:56  Siege Tank  
  100  8:57  Marine  
  104  9:08  Marine  
  104  9:09  Marine x3  
  94  9:14  Orbital Command  
  94  9:15  Marine  
  93  9:18  Refinery  
  93  9:22  Refinery, SCV x2  
  95  9:26  Marine  
  95  9:27  Marine x3  
  95  9:28  Barracks Reactor, Barracks Tech Lab, Siege Tank  
  95  9:30  Terran Infantry Weapons Level 2  
  102  9:36  Barracks Reactor  
  102  9:38  SCV x2  
  104  9:41  SCV  
  104  9:43  Terran Infantry Armor Level 2, Factory  
  105  9:47  Combat Shield  
  105  9:50  SCV  
  105  9:52  SCV  
  107  9:53  SCV  
  108  10:02  SCV  
  108  10:04  Terran Vehicle Weapons Level 1, SCV  
  108  10:05  SCV, Supply Depot  
  111  10:07  Marine  
  111  10:08  Marine  
  113  10:14  SCV  
  113  10:21  Marine x7  
  115  10:23  Marine  
  115  10:25  Marine  
  115  10:26  Marine  
  124  10:33  Factory Tech Lab  
  124  10:35  Missile Turret  
  124  10:39  Marine x7  
  124  10:40  Orbital Command  
  124  10:41  Marine  
  132  10:43  Marine  
  132  10:47  Siege Tank  
  124  10:54  Marine  
  124  10:56  Marine, SCV x2  
  99  11:03  Marine x4  
  99  11:04  Marine  
  96  11:12  Marine x3  
  96  11:13  Marine  
  96  11:14  Marine, Siege Tank  
  96  11:16  SCV x3  
  107  11:19  Siege Tank  
  107  11:21  Marine x2  
  112  11:26  Marine x2  
  112  11:27  Marine  
  112  11:30  Marine x3  
  112  11:31  Marine  
  112  11:32  Marine  
  120  11:39  Marine x2  
  122  11:44  Marine x3  
  122  11:46  Siege Tank  
  128  11:48  Marine x3  
  128  11:49  Marine  
  128  11:50  Marine  
  133  11:57  Marine  
  133  11:58  Marine  
  126  12:02  Marine x2  
  126  12:05  Marine  
  126  12:06  Marine x3, Siege Tank  
  126  12:07  Marine  
  126  12:08  Marine  
  124  12:14  Marine  
  117  12:16  Marine  
  117  12:18  Siege Tank  
  117  12:20  Marine x2  
  123  12:23  Marine x2  
  123  12:24  Marine x2  
  123  12:25  Terran Infantry Weapons Level 3, Marine x2, Terran Infantry Armor Level 3  
  129  12:32  Marine  
  129  12:34  Marine  
  131  12:37  Marine  
  131  12:38  Marine  
  131  12:43  Supply Depot  
  133  12:44  Marine x5, Siege Tank  
  133  12:45  Supply Depot  
  141  13:05  Marine x2, Siege Tank  
  146  13:12  Marine x8  
  135  13:22  Marine x2  
  133  13:29  Marine  
  133  13:30  Marine x6  
  140  13:35  Marine  
  140  13:38  Siege Tank x2  
  140  13:40  Marine x2  
  149  13:47  Marine  
  149  13:48  Marine x6  
  154  13:53  Marine  
  157  14:00  Command Center  
  157  14:03  Supply Depot x2  
  157  14:06  Medivac x2, Marine x2  
  157  14:08  Marine x2  
  165  14:11  Supply Depot, Terran Vehicle Weapons Level 2  
  165  14:15  Supply Depot  
  165  14:16  Supply Depot  
  165  14:24  Marine, Siege Tank x2  
  165  14:26  Marine x4  
  176  14:32  Marine  
  176  14:36  Medivac x2, Marine  
  172  14:41  Orbital Command  
  170  14:50  Marine x4  
  169  14:56  Siege Tank  
  158  15:06  Medivac  
  154  15:10  Marine x6  
  159  15:20  Marine x3  
  159  15:21  Marine  
  151  15:24  Missile Turret x2  
  151  15:26  Medivac  
  151  15:28  Marine x3  
  97  15:45  Marine x6  
  97  15:46  Marine x3  
  76  15:50  Marine  
  77  16:03  Marine x5  
  82  16:07  Marauder x2  
  82  16:09  Siege Tank  
  89  16:28  Orbital Command  
  89  16:30  Marine  
  89  16:31  Marine x9  
  99  16:35  SCV x2  
  101  16:46  Siege Tank x2  
  107  16:48  Marine  
  107  16:49  Marine x4  
  112  17:03  Refinery  
  112  17:05  Refinery  
  112  17:11  Marine x9  
Show
View Real Time Build Order
Export as new Build Order

Saint Protoss 

Build Orders:  

Get SALT Encoding   

  12  0:01  Probe  
  13  0:16  Probe  
  13  0:17  Pylon  
  14  0:24  Probe  
  14  0:34  Probe  
  15  0:42  Gateway  
  16  0:47  Probe  
  17  0:53  Assimilator  
  17  1:02  Probe  
  17  1:03  Pylon  
  17  1:10  Probe  
  19  1:20  Probe  
  20  1:31  Zealot, Cybernetics Core  
  22  1:33  Probe  
  22  1:35  Assimilator  
  23  1:51  Probe  
  24  1:55  Gateway  
  24  2:07  Warp Gate  
  24  2:08  Stalker  
  26  2:23  Pylon  
  26  2:33  Gateway  
  26  2:49  Stalker, Sentry  
  30  2:56  Robotics Facility  
  30  3:05  Shield Battery  
  30  3:24  Nexus  
  30  3:27  Stalker  
  30  3:29  Stalker  
  34  3:35  Probe  
  35  3:44  Observer  
  36  3:55  Stalker  
  38  4:01  Pylon  
  38  4:11  Forge  
  38  4:13  Pylon  
  38  4:16  Pylon  
  38  4:23  Stalker  
  40  4:27  Probe  
  41  4:35  Stalker  
  43  4:38  Probe  
  38  4:54  Stalker  
  38  4:55  Stalker  
  36  5:06  Probe  
  34  5:19  Probe  
  33  5:30  Probe  
  34  5:40  Probe  
  34  5:49  Probe  
  35  5:53  Probe  
  37  6:05  Probe  
  38  6:12  Probe  
  38  6:15  Probe  
  39  6:20  Probe  
  39  6:23  Probe  
  41  6:29  Protoss Ground Weapons Level 1  
  41  6:30  Probe  
  43  6:33  Probe  
  44  7:05  Stalker x3  
  44  7:07  Probe  
  51  7:08  Probe  
  52  7:16  Probe  
  52  7:20  Probe  
  54  7:38  Stalker x2  
  54  7:39  Stalker  
  54  7:41  Probe  
  61  7:44  Probe  
  62  7:56  Probe  
  63  8:08  Probe  
  64  8:25  Probe  
  64  8:27  Twilight Council  
  64  8:33  Probe  
  66  8:42  Probe  
  67  8:51  Nexus  
  67  8:55  Probe  
  68  9:07  Probe  
  69  9:36  Pylon  
  69  9:37  Pylon  
  69  9:38  Pylon  
  69  9:39  Pylon  
  69  9:42  Blink  
  69  9:44  Warp Prism  
  69  9:46  Assimilator  
  69  9:48  Protoss Ground Weapons Level 2, Assimilator  
  71  10:23  Stalker x3  
  77  10:41  Gateway  
  77  10:44  Gateway x2  
  77  10:45  Gateway  
  77  10:55  Stalker  
  77  10:56  Stalker x2  
  83  11:17  Probe  
  84  11:19  Probe  
  85  11:27  Stalker  
  85  11:28  Stalker x2  
  85  11:29  Probe  
  85  11:31  Probe  
  93  11:39  Nexus  
  93  11:44  Probe  
  94  12:36  Stalker x2  
  94  12:37  Stalker x2  
  100  12:38  Protoss Ground Weapons Level 3  
  100  12:43  Pylon  
  102  12:44  Pylon  
  102  12:47  Pylon  
  96  13:38  Stalker  
  96  13:39  Stalker x5  
  96  13:40  Stalker  
  110  14:22  Stalker  
  110  14:23  Stalker x5  
  122  14:24  Stalker  
  119  15:31  Nexus  
  113  15:42  Nexus  
  99  17:36  Stalker  
  101  17:37  Stalker x5  
  101  17:38  Stalker  
Tags
 
Add a new tag
Caveats
  • Supply blocks, unpowered buildings, or Contaminate may cause inaccurate times.
  • Supply counts are checked every 10 seconds.